 Dungeon Crawl Stone Soup version 0.29.1-12-g30fa7ad0bf (webtiles) character file.

Game seed: 1016461554411205678

59236 wormed the Unseen (level 14, -26/75 HPs)
             Began as a Spriggan Hunter on Dec 28, 2022.
             Was the Champion of Okawaru.
             Killed from afar by Jorgrun (50 damage)
             ... with a blast of rock fragments
             ... on level 13 of the Dungeon.
             The game lasted 00:58:51 (25297 turns).

wormed the Unseen (Spriggan Hunter)                Turns: 25297, Time: 00:58:53

Health: -26/75     AC:  5    Str:  7    XL:     14   Next: 52%
Magic:  0/21       EV: 31    Int: 17    God:    Okawaru [******]
Gold:   2032       SH:  0    Dex: 27    Spells: 15/21 levels left

rFire   + . .      SeeInvis +   w - +0 arbalest
rCold   . . .      Faith    .   (shield currently unavailable)
rNeg    . . .      Spirit   +   L - +2 robe {Will+}
rPois   +          Reflect  .   X - +1 hat of Ukhlare {rCorr}
rElec   +          Harm     .   (no cloak)
rCorr   +          Rampage  .   (gloves unavailable)
Will    +++..                   (boots unavailable)
Stlth   ++++++....              n - amulet of guardian spirit
HPRegen 0.22/turn               E - ring "Capn" {rElec rF+ Int+6 Dex+4 Stlth-}
MPRegen 0.17/turn               u - ring of poison resistance

@: grasped by roots, constricted, studying Unarmed Combat, very quick
A: very small, no large weapons, unfitting armour, see invisible, speed 3
a: Renounce Religion, Heroism, Finesse, Duel


You were on level 13 of the Dungeon.
You worshipped Okawaru.
Okawaru was exalted by your worship.
You visited 3 branches of the dungeon, and saw 19 of its levels.
You also visited: Volcano.

You collected 2246 gold pieces.
You spent 214 gold pieces at shops.

Inventory:

Hand Weapons
 i - a +4 rapier
 w - a +0 arbalest (weapon)
 Z - the +11 dagger of Supply {vorpal, rPois rF- Dex+7}
   (You found it on level 5 of the Lair of Beasts)

   It inflicts extra damage upon your enemies.
   Dex:       It affects your dexterity (+7).
   rF:        It makes you vulnerable to fire.
   rPois:     It protects you from poison.
Missiles
 c - 2 throwing nets
Armour
 L - a +2 robe of willpower (worn)
 T - a +1 robe of cold resistance
 X - the +1 hat of Ukhlare (worn) {rCorr}
   (Okawaru gifted it to you on level 5 of the Lair of Beasts)

   rCorr:     It protects you from acid and corrosion.
Jewellery
 n - an amulet of guardian spirit (around neck)
 p - a ring of positive energy
 u - a ring of poison resistance (right hand)
 E - the ring "Capn" (left hand) {rElec rF+ Int+6 Dex+4 Stlth-}
   (You took it off a kobold on level 8 of the Dungeon)

   [ring of intelligence]

   Int:       It affects your intelligence (+6).
   Dex:       It affects your dexterity (+4).
   rF:        It protects you from fire.
   rElec:     It insulates you from electricity.
   Stlth:     It makes you less stealthy.
 M - a ring of willpower
Wands
 A - a wand of flame (40)
 D - a wand of polymorph (10)
Scrolls
 b - 2 scrolls of immolation
 f - 6 scrolls of fear {unknown}
 j - 2 scrolls of fog {unknown}
 k - a scroll of amnesia {unknown}
 l - a scroll of teleportation
 m - a scroll of summoning {unknown}
 r - 4 scrolls of magic mapping {unknown}
 x - 4 scrolls of poison {unknown}
 y - 2 scrolls of brand weapon {unknown}
 C - 10 scrolls of vulnerability {unknown}
 F - a scroll of torment {unknown}
 I - 4 scrolls of silence {unknown}
 J - 2 scrolls of enchant armour {unknown}
 N - 2 scrolls of acquirement {unknown}
 R - a scroll of noise {unknown}
 V - a scroll of enchant weapon
 Y - a scroll of blinking
Potions
 a - 3 potions of ambrosia
 d - 2 potions of invisibility
 g - 3 potions of brilliance
 o - 5 potions of might
 s - 2 potions of haste
 t - 3 potions of attraction
 z - 4 potions of flight
 B - 6 potions of lignification
 H - 2 potions of resistance
 K - a potion of mutation
 P - 2 potions of berserk rage
 Q - 4 potions of cancellation
Miscellaneous
 U - a tin of tremorstones (2/2)


   Skills:
 + Level 9.4 Fighting
 * Level 15.8 Ranged Weapons
 + Level 14.2 Dodging
 + Level 16.5 Stealth
 - Level 4.0 Spellcasting
 + Level 12.9 Translocations


You had 15 spell levels left.
You knew the following spells:

 Your Spells              Type           Power      Damage    Failure   Level
a - Dispersal             Tloc           23%        N/A       12%         6

Your spell library contained the following spells:

 Spells                   Type           Power      Damage    Failure   Level
 Apportation              Tloc           94%        N/A       1%          1
 Gell's Gravitas          Tloc           47%        N/A       1%          3
 Teleport Other           Tloc           47%        N/A       1%          3
 Portal Projectile        Hex/Tloc       50%        N/A       3%          3
 Freeze                   Ice            12%        1d4       16%         1
 Magic Dart               Conj           12%        1d3       16%         1
 Necrotise                Necr           12%        1d4       16%         1
 Searing Ray              Conj           6%         2d4       24%         2
 Dazzling Flash           Conj/Hex       6%         N/A       43%         3
 Frozen Ramparts          Ice            6%         1d1       43%         3
 Ignite Poison            Fire/Tmut/Pois 3%         N/A       43%         3
 Mephitic Cloud           Conj/Pois/Air  3%         N/A       43%         3
 Airstrike                Air            1%         2d(1-17)  83%         4
 Anguish                  Hex/Necr       1%         N/A       83%         4
 Fulminant Prism          Conj/Hex       1%         3d6       83%         4
 Hailstorm                Conj/Ice       3%         3d3       83%         4
 Leda's Liquefaction      Hex/Erth       1%         N/A       83%         4
 Agony                    Necr           3%         N/A       99%         5
 Fireball                 Conj/Fire      1%         3d3       99%         5
 Freezing Cloud           Conj/Ice/Air   1%         6-21      99%         5
 Lightning Bolt           Conj/Air       1%         1d12      99%         5
 Silence                  Hex/Air        1%         N/A       99%         5
 Disjunction              Tloc           23%        N/A       99%         8
 Conjure Ball Lightning   Conj/Air       1%         3x3d6     100%        6
 Eringya's Noxious Bog    Tmut/Pois      1%         N/A       100%        6
 Starburst                Conj/Fire      1%         6d3       100%        6
 Enfeeble                 Hex            1%         N/A       100%        7
 Discord                  Hex            1%         N/A       100%        8
 Ignition                 Fire           1%         3d3       100%        8
 Summon Small Mammal      Summ           Unusable   N/A       N/A         1
 Summon Forest            Summ/Tloc      Unusable   N/A       N/A         5
 Call Canine Familiar     Summ           Unusable   N/A       N/A         3
 Summon Lightning Spire   Summ/Air       Unusable   N/A       N/A         4
 Summon Hydra             Summ           Unusable   N/A       N/A         7

Dungeon Overview and Level Annotations

Branches:
Dungeon (13/15)            Temple (1/1) D:5            Lair (5/5) D:8
  Swamp (0/4) Lair:3        Snake (0/4) Lair:3        Slime (0/5) Lair:5
    Orc (0/2) D:12         Vaults (0/5) D:13        Volcano (visited)

Altars:
Ashenzari
Cheibriados
Dithmenos
Elyvilon
Fedhas
Gozag
Hepliaklqana
Kikubaaqudgha
Makhleb
Nemelex Xobeh
Okawaru
Qazlal
Ru
Sif Muna
Trog
Uskayaw
Vehumet
Wu Jian
Xom
Yredelemnul
Zin
The Shining One
Jiyva

Shops:
D:6 ?   D:13 (

Annotations:
D:10 1 runed translucent door
D:12 1 runed translucent door
D:13 Jorgrun


Innate Abilities, Weirdness & Mutations

You are very small and have problems with some larger weapons.
You are too small for most types of armour.
You have supernaturally acute eyesight. (SInv)
You cover ground extremely quickly. (Speed+++)


Message History

The centaur warrior hits you but does no damage.
The centaur warrior closely misses you.
The centaur warrior completely misses you. x2
You shoot a bolt.
The bolt closely misses the centaur warrior.
The centaur warrior completely misses you. x3
The centaur warrior kicks you.
You shoot a bolt. The bolt hits the centaur warrior!!!
You kill the centaur warrior!
Okawaru accepts your kill.
You see here a +0 shortbow.
Found a spear.
Jorgrun is nearby!
You shoot a bolt.
Jorgrun shouts!
The bolt hits Jorgrun but does no damage.
You shoot a bolt. The bolt closely misses Jorgrun.
You shoot a bolt. The bolt hits Jorgrun.
Jorgrun is lightly wounded.
Jorgrun says, "'tis place shall be yer tomb!"
You shoot a bolt. The bolt misses Jorgrun.
You shoot a bolt.
The bolt hits Jorgrun but does no damage.
Jorgrun is lightly wounded.
Jorgrun gestures at you while chanting.
Roots burst forth from the earth!
The grasping roots grab you! The grasping roots constrict you!!
You shoot a bolt. The bolt misses Jorgrun.
The grasping roots constrict you!!
You shoot a bolt. The bolt hits Jorgrun!!
Jorgrun is lightly wounded.
The grasping roots constrict you.
You shoot a bolt. The bolt hits Jorgrun!!
Jorgrun is heavily wounded.
Jorgrun hits you with a +0 vorpal quarterstaff!
The grasping roots constrict you.
Jorgrun gestures next to you while chanting.
The wall shatters!
The blast of rock fragments hits you!!!
Ouch! That really hurt!
You die...

#.###..#...# #......#.....
#.###..######....##......#.##..
##...........#....##..###'#.##..
#.........#.......##..#.....##..
#.........#.......#####..#.....#
#.....#...#.......#........###'#
#......#..........#........#....
#.#######......g..#........#..##
#......#.......@# #........##'#.
#.....#...##....###########.....
#................# #.....
##.......+.......# #.##..
#.#.....#.......# #.....
#.......#.......# #.....
#.......##'#....#### #.....
#.....#............# #.##..
#..........###..#..# #.....


You could see Jorgrun.

Vanquished Creatures
  An azure jelly (Lair:5)
  The ghost of Kyusiynim the Covert, a journeyman GnEn (Lair:4)
  A fire dragon (Lair:5)
  A boulder beetle (Lair:5)
  10 hydras
  A vault guard (D:13)
  Erolcha (D:11)
  Erica (D:8)
  2 centaur warriors (D:13)
  The ghost of cheesebisquit the Basher, a novice MiBe of Trog (D:9)
  3 two-headed ogres
  6 death yaks (Lair:2)
  Nergalle (Lair:3)
  Lodul (D:11)
  A bog body (Lair:3)
  A swamp dragon (Lair:5)
  2 orc knights (D:12)
  2 deep elf pyromancers (D:13)
  An ugly thing (D:12)
  4 cyclopes
  7 black mambas
  A moth of wrath (Lair:4)
  2 manticores
  Joseph (D:8)
  4 gargoyles
  A torpor snail (Lair:4)
  An unseen horror (D:13)
  13 cane toads
  A rime drake (Lair:5)
  7 komodo dragons
  Maggie (D:8)
  A yaktaur (shapeshifter) (D:13)
  An efreet (Volcano)
  6 trolls
  A queen bee (shapeshifter) (D:13)
  4 slime creatures (Lair:5)
  A hornet (D:9)
  9 polar bears (Lair:5)
  7 blink frogs
  Grinder (D:3)
  5 dream sheep (Lair:5)
  2 shadows
  A wraith (D:12)
  A vampire (D:11)
  23 yaks
  An unseen horror simulacrum (D:9)
  2 wyverns
  3 basilisks
  3 steam dragons
  3 vampire mosquitoes (D:12)
  2 nagas (Lair:3)
  7 wargs
  3 acid dragons
  15 hell hounds (Lair:5)
  7 water moccasins
  2 swamp drakes (Lair:5)
  7 orc warriors
  A sky beast (D:7)
  11 black bears (Lair:5)
  5 ice beasts
  6 centaurs
  7 ogres
  23 wolves
  2 kobold brigands
  A phantom (D:6)
  A gnoll sergeant (D:8)
  A necrophage (D:7)
  7 bullfrogs
  2 scorpions
  5 wights
  20 killer bees
  2 electric eels
  7 jellies
  A gnoll bouda (D:4)
  A hound (D:5)
  3 orc priests
  5 iguanas
  5 orc wizards
  A centaur simulacrum (D:9)
  A killer bee simulacrum (D:9)
  Robin (D:3)
  8 adders
  12 gnolls
  5 white imps
  An ufetubus (D:5)
  2 worms
  46 orcs
  9 ball pythons
  6 endoplasms
  6 giant cockroaches
  13 goblins
  10 hobgoblins
  3 jackals (D:2)
  5 quokkas
  7 bats
  2 frilled lizards
  19 kobolds
  4 rats
476 creatures vanquished.

Vanquished Creatures (others)
  A killer bee (D:5)
  3 fungi
  26 plants
30 creatures vanquished.

Grand Total: 506 creatures vanquished

Notes
Turn   | Place    | Note
-------+----------+-------------------------------------------
     0 | D:1      | wormed the Spriggan Hunter began the quest for the Orb.
     0 | D:1      | Reached XP level 1. HP: 10/10 MP: 2/2
    60 | D:1      | Reached skill level 2 in Stealth
    61 | D:1      | Reached XP level 2. HP: 15/15 MP: 3/3
   495 | D:2      | Reached XP level 3. HP: 18/18 MP: 4/4
   661 | D:2      | Found a basalt altar of Yredelemnul.
  1080 | D:2      | Reached skill level 3 in Stealth
  1089 | D:2      | Reached XP level 4. HP: 23/23 MP: 5/5
  1209 | D:2      | You fall into a shaft and drop 1 floor!
  1550 | D:3      | Noticed Robin
  1626 | D:3      | Killed Robin
  1798 | D:3      | Noticed Grinder
  2003 | D:3      | Reached skill level 5 in Ranged Weapons
  2282 | D:4      | Reached XP level 5. HP: 23/27 MP: 4/6
  2603 | D:4      | Reached skill level 4 in Stealth
  3150 | D:4      | Reached XP level 6. HP: 32/32 MP: 7/7
  3633 | D:3      | Killed Grinder
  3634 | D:3      | Reached skill level 5 in Dodging
  3634 | D:3      | Reached skill level 5 in Stealth
  3824 | D:5      | Entered Level 5 of the Dungeon
  3848 | D:5      | Found a shadowy altar of Dithmenos.
  3855 | D:5      | Reached XP level 7. HP: 36/36 MP: 8/8
  3930 | D:5      | Learned a level 6 spell: Dispersal
  4307 | D:6      | Found Ykhlyrgh's Magic Scroll Boutique.
  4393 | D:6      | Bought a scroll of identify for 22 gold pieces
  4393 | D:6      | Bought a scroll of identify for 22 gold pieces
  4393 | D:6      | Bought a scroll of teleportation for 33 gold pieces
  4393 | D:6      | Bought a scroll of teleportation for 33 gold pieces
  4393 | D:6      | Bought a scroll of identify for 22 gold pieces
  4393 | D:6      | Bought a scroll of blinking for 82 gold pieces
  4953 | D:5      | Found a staircase to the Ecumenical Temple.
  4972 | Temple   | Entered the Ecumenical Temple
  5805 | D:6      | Reached skill level 6 in Stealth
  5943 | D:6      | Reached XP level 8. HP: 16/42 MP: 2/9
  6161 | D:6      | Found a bloodstained altar of Trog.
  6405 | D:6      | Reached skill level 7 in Stealth
  7406 | D:8      | Noticed Maggie
  7527 | D:8      | Noticed Erica
  7527 | D:8      | Noticed Joseph
  7627 | D:7      | Reached skill level 1 in Translocations
  7687 | D:8      | Noticed a troll
  7722 | D:7      | Killed a troll
  7723 | D:7      | Reached skill level 1 in Spellcasting
  8090 | D:8      | Found a staircase to the Lair.
  8121 | D:8      | Reached skill level 8 in Stealth
  8121 | D:8      | Reached XP level 9. HP: 38/46 MP: 4/13
  8536 | D:8      | Killed Joseph
  8920 | D:8      | Reached skill level 5 in Fighting
  8922 | D:8      | Reached skill level 9 in Stealth
  8952 | D:8      | Identified the ring "Capn" {rElec rF+ Int+6 Dex+4 Stlth-}
  8983 | D:8      | Killed Maggie
  9106 | D:8      | Killed Erica
  9107 | D:8      | Reached skill level 5 in Translocations
  9107 | D:8      | Reached XP level 10. HP: 43/51 MP: 15/17
  9821 | D:9      | Found a runed translucent gate.
  9821 | D:9      | Found a runed translucent gate.
  9821 | D:9      | Found a runed translucent gate.
  9924 | D:9      | Found an iron altar of Okawaru.
  9929 | D:9      | Became a worshipper of Warmaster Okawaru
  9971 | D:9      | Found a hide-covered altar of Uskayaw.
  9976 | D:9      | Found a shimmering blue altar of Sif Muna.
  9976 | D:9      | Found a sacrificial altar of Ru.
  9987 | D:9      | Found an ancient bone altar of Kikubaaqudgha.
  9990 | D:9      | Found a glowing golden altar of the Shining One.
 10157 | D:9      | Noticed cheesebisquit's ghost (novice MiBe)
 10349 | Lair:1   | Entered Level 1 of the Lair of Beasts
 10349 | Lair:1   | Noticed a cane toad
 10352 | Lair:1   | Killed a cane toad
 10432 | Lair:1   | Noticed a cane toad
 10475 | Lair:1   | Killed a cane toad
 10476 | Lair:1   | Reached skill level 10 in Ranged Weapons
 10476 | Lair:1   | Reached skill level 10 in Stealth
 10600 | Lair:1   | Noticed a cane toad
 10630 | Lair:1   | Killed a cane toad
 10630 | Lair:1   | Reached * piety under Okawaru
 10946 | Lair:1   | Noticed a black mamba
 10961 | Lair:1   | HP: 1/53 [black mamba (7)]
 10962 | Lair:1   | Killed a black mamba
 11590 | Lair:2   | Noticed a black mamba
 11765 | D:9      | Found a stormy altar of Qazlal.
 11765 | D:9      | Found a snail-covered altar of Cheibriados.
 11935 | D:10     | Entered Level 10 of the Dungeon
 11935 | D:10     | Noticed a two-headed ogre
 11964 | D:10     | Noticed a sixfirhy
 11965 | D:10     | Found a runed translucent door.
 11986 | D:9      | Reached ** piety under Okawaru
 12184 | D:10     | Killed a two-headed ogre
 12185 | D:10     | Reached skill level 11 in Stealth
 12204 | D:10     | Reached XP level 11. HP: 44/56 MP: 14/18
 12316 | D:10     | Reached *** piety under Okawaru
 12534 | D:10     | Found a glowing silver altar of Zin.
 13060 | D:9      | Killed cheesebisquit's ghost
 13060 | D:9      | Reached **** piety under Okawaru
 13061 | D:9      | Reached skill level 10 in Dodging
 13336 | D:11     | Noticed Erolcha
 13339 | D:11     | Killed Erolcha
 13491 | D:11     | Reached skill level 12 in Stealth
 13758 | D:11     | Noticed a two-headed ogre
 13770 | D:11     | Killed a two-headed ogre
 13792 | D:11     | Noticed a four-headed hydra
 13827 | D:11     | Killed a four-headed hydra
 13827 | D:11     | Reached ***** piety under Okawaru
 14284 | D:11     | Noticed Lodul
 14369 | D:11     | Killed Lodul
 14372 | D:11     | Reached XP level 12. HP: 63/63 MP: 19/19
 14820 | D:12     | Noticed an eight-headed hydra
 14853 | D:12     | Killed an eight-headed hydra
 15136 | D:12     | Reached skill level 13 in Stealth
 15236 | D:12     | Noticed a yaktaur captain
 15236 | D:12     | Noticed a deep troll earth mage
 15237 | D:12     | Found a runed translucent door.
 15239 | D:12     | Noticed a fire giant
 15239 | D:12     | Noticed a frost giant
 15239 | D:12     | Noticed a frost giant
 15239 | D:12     | Noticed a deep troll earth mage
 15391 | D:12     | Found a staircase to the Orcish Mines.
 15745 | D:12     | Reached skill level 10 in Translocations
 16328 | D:13     | Identified the +4 war axe of World's End {drain, Stlth+}
                  | (Okawaru gifted it to you on level 13 of the Dungeon)
 16328 | D:13     | Received a gift from Okawaru
 16335 | D:13     | Noticed a two-headed ogre
 16387 | D:13     | Killed a two-headed ogre
 16504 | D:13     | Reached ****** piety under Okawaru
 16536 | D:13     | Found Wodwaten's Weapon Boutique.
 16631 | D:13     | Noticed a centaur warrior
 16637 | D:13     | Noticed Jorgrun
 16640 | D:13     | Noticed a centaur warrior
 16658 | D:13     | Noticed a vault guard
 16906 | Lair:2   | Noticed a four-headed hydra
 16935 | Lair:2   | Killed a four-headed hydra
 17117 | Lair:2   | Reached skill level 14 in Stealth
 17307 | Lair:2   | Noticed a death yak
 17308 | Lair:2   | Noticed a death yak
 17309 | Lair:2   | Noticed a death yak
 17309 | Lair:2   | Noticed a death yak
 17310 | Lair:2   | Noticed a death yak
 17311 | Lair:2   | Noticed a death yak
 17344 | Lair:2   | Killed a death yak
 17344 | Lair:2   | Received a gift from Okawaru
 17362 | Lair:2   | Killed a death yak
 17414 | Lair:2   | Killed a death yak
 17415 | Lair:2   | Reached XP level 13. HP: 68/68 MP: 20/20
 18060 | Lair:3   | Found a staircase to the Snake Pit.
 18293 | Lair:3   | Found a dark tunnel.
 18298 | Lair:3   | Noticed Nergalle
 18348 | Lair:3   | Killed Nergalle
 18372 | Volcano  | Entered a volcano
 18847 | Lair:3   | Found a staircase to the Swamp.
 19759 | Lair:4   | Found a transporter.
 19763 | Lair:4   | Noticed Kyusiynim's ghost (journeyman GnEn)
 19810 | Lair:4   | Found a transporter.
 20650 | Lair:4   | Reached skill level 15 in Stealth
 20753 | Lair:4   | Killed Kyusiynim's ghost
 21071 | Lair:5   | Entered Level 5 of the Lair of Beasts
 21081 | Lair:4   | Received a gift from Okawaru
 21126 | Lair:5   | Noticed an azure jelly
 21719 | Lair:5   | Reached skill level 15 in Ranged Weapons
 21953 | Lair:5   | Killed an azure jelly
 21956 | Lair:5   | Found a viscous altar of Jiyva.
 21956 | Lair:5   | Found a staircase to the Slime Pits.
 22044 | Lair:5   | Reached XP level 14. HP: 65/74 MP: 18/21
 22282 | Lair:5   | Identified the +1 hat of Ukhlare {rCorr} (Okawaru gifted it
                  | to you on level 5 of the Lair of Beasts)
 22282 | Lair:5   | Received a gift from Okawaru
 22511 | Lair:5   | Identified the +11 dagger of Supply {vorpal, rPois rF-
                  | Dex+7}
 22954 | Lair:5   | Reached skill level 16 in Stealth
 24825 | D:13     | Found a gate to the Vaults.
 25297 | D:13     | Killed from afar by Jorgrun

Illustrated notes

Levels and vault maps discovered:
D:1:      amcnicky_arrival_gap_in_the_tavern_cellar, layout_basic
D:2:      layout_loops_ring, basic_altar, grunt_ministairs_6, minivault_5
D:3:      layout_loops_ring, uniq_robin, uniq_grinder
D:4:      layout_cave_pods, minmay_manual_mandibuliform
D:5:      layout_rooms, nicolae_dithmenos_shadow_blocks,
          minmay_temple_entry_antechambers
D:6:      layout_basic, trog_three_pillars_becter, serial_shops,
          nicolae_stop_n_shop_1, chequers_jeans
D:7:      layout_basic
D:8:      layout_gridville, lair_entry_dummy, serial_glass, glass_columns_a,
          glass_columns_a, glass_columns_a, glass_columns_a, glass_columns_a,
          glass_columns_c, kennysheep_generic_room_9, uniq_erica, uniq_maggie,
          uniq_joseph
D:9:      layout_loops_ring, minmay_overflow_temple_star_hex,
          mainiacjoe_overflow_six_doors_small, gammafunk_temple_overflow_pools,
          gammafunk_ghost_icy, dk_noncrumbling_4
D:10:     cheibrodos_shockbox, layout_cave_pools, zin_treasury,
          kennysheep_cross_room
D:11:     layout_stronghold, uniq_lodul, uniq_erolcha
D:12:     minmay_gate_of_8, layout_cave_pods, david_orc_5
D:13:     layout_stronghold, david_vaults_5, serial_shops,
          nicolae_shop_advertising_works [nicolae_subvault_shop_adworks],
          uniq_jorgrun
Temple:   chequers_temple_sunken
Lair:1:   layout_gridlike, grunt_megastairs_5, infiniplex_staircase_pool
Lair:2:   layout_regular_city, grunt_megastairs_2, infiniplex_staircase_pool_2
Lair:3:   layout_small_grid, skrybe_swamp_entry_bodies,
          guppyfry_snake_entry_island, nicolae_volcano_entry_hallway,
          uniq_nergalle
Lair:4:   layout_cave_pods, gammafunk_ghost_berserking_beasts,
          grunt_megastairs_4
Lair:5:   hangedman_lair_caniforms_friends, layout_big_grid,
          guppyfry_lair_end_dragon, minmay_slime_entry_pillars,
          nicolae_quartered_pool_little, nicolae_lair_time_for_slime,
          lemuel_fruit_fields

Skill      XL: |  1  2  3  4  5  6  7  8  9 10 11 12 13 14 |
---------------+-------------------------------------------+-----
Stealth        | 2 3 4 5 6 8 9 11 12 14 15 16 | 16.5
Dodging        | 3 4 5 6 7 8 9 10 12 13 14 | 14.2
Fighting       | 2 3 4 5 6 7 8 9 |  9.4
Ranged Weapons | 5 6 7 8 9 10 12 13 15 | 15.8
Translocations | 2 5 7 9 11 12 | 12.9
Spellcasting   | 2 4 |  4.0

Action                   |  1- 3 |  4- 6 |  7- 9 | 10-12 | 13-15 || total
-------------------------+-------+-------+-------+-------+-------++-------
 Fire: Shortbow          |   102 |   193 |   147 |       |       ||   442
       Arbalest          |       |       |   184 |   618 |   730 ||  1532
 Cast: Dispersal         |       |       |       |       |     1 ||     1
Evoke: Wand              |       |       |    23 |       |       ||    23
  Use: Scroll            |       |       |    12 |     2 |     9 ||    23
       Potion            |       |       |     8 |     2 |     7 ||    17
Armor: Robe              |     5 |     1 |     7 |     4 |    22 ||    39
       Steam dragon scal |       |       |     7 |     7 |       ||    14
Dodge: Dodged            |    14 |    61 |   280 |   350 |   600 ||  1305
